Unix NetHack Version 5.0.0-0 post-release - last build May 10 2026 23:12:36 (d1fa5d53e341ca933230fdaa984d921c805b60aa,branch:main).

Game began 2026-05-16 21:04:47, ended 2026-05-17 00:10:39.

DaveT, lawful male human Priest

                            -------            -----
                            |.$$$.|--     ------...|
                            |$.$~~y?|     |........|
                          --|.:$~$|-|     |........|
                          |@TEjw%%-.|   ----.-------
                          |z|.a:M.|-|  --(........|
                          |.|$.$..-.|  |..........|
                          |%|.$$$$|--  |..........|
                          |.|------   --------[-----
                          |.|         |...[........|
                          |.|         |.....%.*....|
                          |.|         |----.--------
                          |.|         |...........|
                          |.|         |...........|
                          |.|         ------.-------
                          |.----------------......)|
                          |................^......>|
                          --------------------------
DaveT the Priest             St:25 Dx:12 Co:17 In:13 Wi:15 Ch:7  Lawful
Dlvl:5  $:104 HP:0(66) Pw:111(121) AC:-8 Xp:10 T:13477 

Latest messages:
 It hits the ettin zombie.
 The ettin zombie is destroyed!
 The Woodland-elf throws a runed dagger!
 The runed dagger hits the orc mummy.
 The orc mummy picks up 50 gold pieces.
 The troll swings his club.
 The troll misses!
 The troll misses!
 The troll misses!
 Are you sure you want to pray? [yn] (n) y
 You begin praying to Mitra.
 You are surrounded by a shimmering light.
 The troll starts to attack you, but pulls back.
 The zruty starts to attack you, but pulls back.
 The Woodland-elf picks up a cursed runed dagger.
 The troll starts to attack you, but pulls back.
 The zruty starts to attack you, but pulls back.
 The troll starts to attack you, but pulls back.
 You finish your prayer.
 You feel that Mitra is well-pleased.
 You feel much better.
 You hit the zruty!
 The zruty hits!
 The zruty hits again!
 The zruty bites!
 The troll swings his club.
 The troll hits!
 The troll hits!
 The troll bites!
 You hit the zruty!
 The zruty hits!
 The zruty hits again!
 The zruty misses!
 The troll swings his club.
 The troll hits!
 The troll just misses!
 The troll bites!
 You hit the zruty!
 The troll swings his club.
 The troll misses!
 The troll hits!
 The troll misses!
 You hit the zruty!
 The zruty hits!
 The zruty hits again!
 The zruty bites!
 You die...
 Do you want your possessions identified? [ynq] (y) y
 Do you want to see your attributes? [ynq] (y) y
 Do you want an account of creatures vanquished? [ynaq] (y) q

Inventory:
 Coins    ('$')
  $ - 104 gold pieces
 Weapons  (')')
  k - 3 +0 darts (at the ready)
  J - 4 +0 daggers
  A - a +0 aklys
  a - a blessed corroded +1 mace
 Armor    ('[')
  s - a +0 orcish helm (being worn)
  o - a blessed +0 pair of gauntlets of power (being worn)
  E - a blessed +3 pair of low boots (being worn)
  U - a blessed +1 shield of reflection (being worn)
  b - a +2 robe (being worn)
  I - a blessed +3 leather armor (being worn)
 Comestibles  ('%')
  B - 2 apples
  e - a clove of garlic
  m - 2 food rations
  x - a pancake
  L - a lizard corpse
 Scrolls  ('?')
  M - a scroll of create monster
  R - a scroll of scare monster
 Rings    ('=')
  D - a blessed +1 ring of gain constitution
  w - a blessed +1 ring of increase damage (on left hand)
  t - a ring of invisibility
 Wands    ('/')
  G - a wand of cold (0:1)
  h - a wand of cold (0:0)
  q - a wand of cold (0:0)
  y - a wand of digging (0:6)
  F - a wand of digging (0:4)
  H - a wand of light (0:14)
  v - a wand of light (0:11)
  j - a wand of sleep (0:7)
  c - a wand of stasis (0:3)
  n - a wand of striking (0:2)
 Tools    ('(')
  Z - a bag of holding containing 25 items
  g - an empty sack
  p - an empty sack
  O - an empty sack
  Q - a tooled horn
  C - a rusty +0 pick-axe (weapon in right hand)
  l - a skeleton key
  K - a stethoscope
  Y - a towel
  W - a +0 unicorn horn
 Gems/Stones  ('*')
  z - a flint stone

Contents of the bag of holding:
  2537 gold pieces
  40 +0 darts
  a blessed +0 mummy wrapping
  2 slime molds
  a cursed clove of garlic
  4 food rations
  2 lizard corpses
  a cursed scroll of create monster
  a scroll of destroy armor
  2 scrolls of earth
  a cursed scroll of enchant armor
  a scroll of enchant weapon
  a scroll of scare monster
  a cursed scroll of stinking cloud
  a scroll of teleportation
  a spellbook of create familiar
  a potion of blindness
  2 potions of levitation
  a potion of monster detection
  a potion of object detection
  a potion of paralysis
  2 potions of holy water
  2 potions of water
  a can of grease (0:24)
  a +0 unicorn horn

DaveT the Priest's attributes:

Background:
 You were a Priest, level 10 human.
 You were lawful, on a mission for Mitra
 who was opposed by Crom (neutral) and Set (chaotic).
 You were right-handed.
 You were in Sokoban, on level 5.
 You entered the dungeon 13477 turns ago.
 It was the midnight hour.
 There was a new moon in effect when your adventure ended.
 You had 8256 experience points, 1744 more were needed to attain level 11.

Basics:
 You had 0 out of 66 hit points.
 You had 111 out of 121 energy points (spell power).
 Your armor class was -8.
 Your wallet contained 104 zorkmids, and
 you had 2537 more stashed away in your pack.
 Autopickup was off.

Final Characteristics:
 Your strength was 25 (base:14, peak:16, innate limit:18/100).
 Your dexterity was 12 (peak:13, limit:18).
 Your constitution was 17 (limit:18).
 Your intelligence was 13 (limit:18).
 Your wisdom was 15 (limit:18).
 Your charisma was 7 (limit:18).

Final Status:
 You weren't hungry.
 You were unencumbered.
 You were wielding a pick-axe.
 You had no skill with pick-axe.

Final Attributes:
 You were piously aligned.
 You were cold resistant.
 You were telepathic.
 You had a small damage bonus (+1).
 You were guarded.
 Your spell casting was enhanced by wearing a robe.
 You had reflection.
 You are dead.

Miscellaneous:
 You didn't encounter any bones levels.
 Total elapsed playing time was 1 hour, 35 minutes and 44 seconds.

Major events:
 Turn
    1: DaveT the lawful human Priest entered the dungeon
  702: attained the rank of Acolyte (level 3)
  838: entered the Gnomish Mines
 2407: attained the rank of Adept (level 6)
 5035: reached Mine Town
 7965: performed his first genocide (class L)
 9512: entered Sokoban
 9900: completed 1st Sokoban level
11052: attained the rank of Priest (level 10)
11241: completed 2nd Sokoban level
11811: completed 3rd Sokoban level
13351: completed 4th Sokoban level
13477: killed by a zruty

Spells:
 Name                 Level Category     Fail Retention
 protection             1   clerical      80%   31%-40%
 clairvoyance           3   divination   100%   26%-50%
 healing                1   healing       75%   31%-40%
 detect monsters        1   divination    80%   26%-50%
 create familiar        6   clerical     100%   71%-80%

Skills:
 Fighting Skills
   bare handed combat [Unskilled]
 Weapon Skills
   club               [Unskilled]
   mace               [Expert]
   morning star       [Unskilled]
   flail              [Unskilled]
   hammer             [Unskilled]
   quarterstaff       [Unskilled]
   polearms           [Unskilled]
   spear              [Unskilled]
   trident            [Unskilled]
   lance              [Unskilled]
   bow                [Unskilled]
   sling              [Unskilled]
   crossbow           [Unskilled]
   dart               [Unskilled]
   shuriken           [Unskilled]
   boomerang          [Unskilled]
   unicorn horn       [Unskilled]
 Spellcasting Skills
   healing spells     [Basic]
   divination spells  [Unskilled]
   clerical spells    [Basic]

Voluntary challenges:
 Character rerolling was not enabled.
 You genocided 4 types of monsters.
 You never polymorphed an object.
 You never changed form.
 You used no wishes.
 You violated the special Sokoban rules 4 times.
Achievements:
 You entered a shop.
 You attained the rank of Acolyte.
 You entered the Gnomish Mines.
 You attained the rank of Adept.
 You entered Minetown.
 You entered a temple.
 You entered Sokoban.
 You attained the rank of Priest.

 The Dungeons of Doom: levels 1 to 9
    Level 1:
       Some fountains.
    Level 2:
       A general store, a fountain.
    Level 3:
       A general store.
       Stairs down to The Gnomish Mines.
    Level 4:
       A general store, a fountain.
    Level 5: "raided vault"
    Level 6:
    Level 7:
       An armor shop, a fountain.
    Level 8:
       Many fountains.
    Level 9:
       A fountain.
       Stairs up to Sokoban, level 8.
 The Gnomish Mines: levels 4 to 9
    Level 4:
    Level 5:
    Level 6:
       Some shops, a temple and an altar, some fountains, a sink.
    Level 7:
    Level 8:
    Level 9:
 Sokoban: levels 8 up to 5
    Level 5: <- You were here.
       Solved.
       Final resting place for
          you, killed by a zruty.
    Level 6:
       Solved.
    Level 7:
       Solved.
    Level 8:
       Solved.


Vanquished creatures:
  2 giant mimics
  2 long worms
 an ogre tyrant
  2 air elementals
  2 elf-nobles
  a warg
  4 small mimics
  2 glass piercers
 an ogre leader
  2 quantum mechanics
  3 trolls
  a wood golem
  a gelatinous cube
  a freezing sphere
  a tiger
 an energy vortex
  2 human mummies
  3 ettin zombies
  3 Grey-elves
  2 chameleons
  3 giant beetles
  a quivering blob
  a cockatrice
  2 wolves
  a panther
  a spotted jelly
 an iron piercer
  a horse
 an ice vortex
  a vampire bat
  a forest centaur
  a gnome ruler
  a dwarf mummy
 an owlbear
  a yeti
  a Green-elf
  4 lizards
  a dog
  3 jaguars
  2 gray unicorns
  a black unicorn
  3 dust vortices
  3 ravens
  a gnome mummy
  a snake
 an ape
  2 human zombies
  a rope golem
  2 Woodland-elves
  a soldier ant
  2 bugbears
  a quasit
  2 wood nymphs
  a mountain nymph
  4 Uruk-hai
 an orc shaman
  3 rock piercers
  a rock mole
  a pony
  a fog cloud
  4 yellow lights
  2 violet fungi
  8 gnome leaders
  4 gnomish wizards
  3 kobold mummies
  a gray ooze
  3 elf zombies
  a straw golem
  8 giant ants
  a little dog
  a floating eye
  5 dwarves
  a homunculus
  a kobold leader
  3 kobold shamans
 10 hill orcs
  5 rothes
  2 centipedes
  5 monkeys
  7 orc zombies
  2 dwarf zombies
  2 wererats
  a werejackal
  6 iguanas
 20 killer bees
  3 acid blobs
  5 coyotes
  3 gas spores
  a hobbit
 15 manes
  2 large kobolds
  a hobgoblin
  3 giant rats
  2 cave spiders
  3 brown molds
  5 yellow molds
  a green mold
  a red mold
 42 gnomes
  5 gnome zombies
  9 geckos
  8 jackals
  a fox
  5 kobolds
  3 goblins
  2 sewer rats
 10 grid bugs
  3 bats
  2 lichens
  5 newts
345 creatures vanquished.

Genocided species:
 arch-liches
 master liches
 demiliches
 liches
4 species genocided.

Game over:
                       ----------
                      /          \
                     /    REST    \
                    /      IN      \
                   /     PEACE      \
                  /                  \
                  |      DaveT       |
                  |     2641 Au      |
                  |   killed by a    |
                  |      zruty       |
                  |                  |
                  |                  |
                  |       2026       |
                 *|     *  *  *      | *
        _________)/\\_//(\/(/\)/\//\/|_)_______

Goodbye DaveT the Priest...

You died in Sokoban on dungeon level 5 with 31851 points,
and 2641 pieces of gold, after 13477 moves.
You were level 10 with a maximum of 66 hit points when you died.

